 Dungeon Crawl Stone Soup version 0.28-a0-1616-g050a50673c (webtiles) character file.

Game seed: 10660806223911878781

1733 frimble the Grasshopper (level 8, -1/63 HPs)
             Began as a Demonspawn Warper on Jan 23, 2022.
             Slain by a gnoll sergeant (2 damage)
             ... on level 7 of the Dungeon.
             The game lasted 00:09:09 (9204 turns).

frimble the Grasshopper (Demonspawn Warper)         Turns: 9204, Time: 00:09:09

Health: -1/63      AC: 12    Str: 11    XL:     8   Next: 76%
Magic:  11/11      EV: 12    Int: 17    God:
Gold:   246        SH:  4    Dex: 13    Spells: 8/11 levels left

rFire   . . .      SeeInvis .   a - +2 dagger (venom)
rCold   . . .      Faith    .   (no shield)
rNeg    . . .      Spirit   .   b - +0 leather armour
rPois   .          Reflect  .   (helmet restricted)
rElec   .          Harm     .   h - +1 cloak
rCorr   .          Rampage  .   (no gloves)
Will    .....                   s - +0 pair of boots
Stlth   ++........              (no amulet)
HPRegen 0.20/turn               (no ring)
MPRegen 0.12/turn               (no ring)

@: no status effects
A: antennae 1, yellow scales 1, icemail 1, powered by pain 1, condensation
shield
a: no special abilities


You were on level 7 of the Dungeon.
You visited 1 branch of the dungeon, and saw 7 of its levels.

You collected 286 gold pieces.
You spent 40 gold pieces at shops.

Inventory:

Hand Weapons
 a - a +2 dagger of venom (weapon)
 i - a +0 rapier
 m - a +2 short sword of draining
Missiles
 k - 4 throwing nets
 r - a boomerang (quivered)
Armour
 b - a +0 leather armour (worn)
 h - a +1 cloak (worn)
 s - a +0 pair of boots (worn)
Wands
 q - a wand of polymorph (14)
 v - a wand of flame (22)
Scrolls
 c - 3 scrolls of blinking
 f - 4 scrolls of identify
 o - 2 scrolls of teleportation
 u - a scroll of amnesia
Potions
 d - a potion of brilliance {unknown}
 e - a potion of curing
 g - a potion of magic
 j - 2 potions of flight {unknown}
 l - 2 potions of haste {unknown}
 n - a potion of attraction {unknown}
 p - a potion of lignification {unknown}
 t - a potion of ambrosia {unknown}


   Skills:
 + Level 5.4 Fighting
 + Level 5.2 Short Blades
 - Level 3.0 Throwing
 - Level 1.3 Armour
 - Level 3.4 Dodging
 + Level 3.7 Stealth
 - Level 2.3 Spellcasting
 + Level 5.5 Translocations


You had 8 spell levels left.
You knew the following spells:

 Your Spells              Type           Power      Damage    Failure   Level
a - Blink                 Tloc           40%        N/A       3%          2
b - Apportation           Tloc           40%        N/A       2%          1

Your spell library contained the following spells:

 Spells                   Type           Power      Damage    Failure   Level
 Gell's Gravitas          Tloc           20%        N/A       8%          3
 Lesser Beckoning         Tloc           20%        N/A       8%          3
 Teleport Other           Tloc           20%        N/A       8%          3
 Animate Skeleton         Necr           2%         N/A       24%         1
 Foxfire                  Conj/Fire      4%         2x1d4     24%         1
 Summon Small Mammal      Summ           4%         N/A       24%         1
 Corpse Rot               Necr/Air       2%         N/A       36%         2
 Poisonous Vapours        Pois/Air       2%         N/A       36%         2
 Manifold Assault         Tloc           20%        N/A       56%         5
 Conjure Flame            Conj/Fire      1%         6-21      58%         3
 Ignite Poison            Fire/Tmut/Pois 1%         N/A       58%         3
 Inner Flame              Hex/Fire       1%         N/A       58%         3
 Summon Forest            Summ/Tloc      5%         N/A       91%         5
 Flame Wave               Conj/Fire      1%         2d4       94%         4
 Sticky Flame             Conj/Fire      1%         2d3       94%         4
 Lightning Bolt           Conj/Air       0%         1d11      100%        5
 Storm Form               Tmut/Air       0%         N/A       100%        7


Dungeon Overview and Level Annotations

Branches:
Dungeon (7/15)
 Temple: D:4-7

Altars:
Trog

Shops:
D:2 !

Annotations:
D:3 2 runed translucent doors


Innate Abilities, Weirdness & Mutations

You have a pair of small antennae on your head.
You are partially covered in yellow scales. (AC +2)
A meltable icy envelope protects you from harm. (AC +4)
You sometimes gain a little power by taking damage.
A meltable shield of frost defends you. (SH +4)


Message History

The gnoll is moderately wounded.
The gnoll hits you with a +0 flail.
The gnoll sergeant hits you from afar with a +2 vorpal spear.
You hit the gnoll.
The gnoll is poisoned.
The gnoll is heavily wounded.
A gnoll comes into view. It is wielding a +0 club.
The gnoll misses you.
You see here a throwing net.
k - 4 throwing nets (gained 1)
Aiming: Throw Flame
Press: ? - help, Shift-Dir - straight line, f - gnoll sergeant
Aim: a gnoll sergeant, wielding a +2 vorpal spear and wearing a +0 ring mail (severely wounded, 77% to hit)
The puff of flame hits the gnoll sergeant but does no damage.
The gnoll sergeant is severely wounded.
You block the gnoll sergeant's attack.
Aiming: Throw Flame
Press: ? - help, Shift-Dir - straight line, f/p - gnoll sergeant
Aim: a gnoll sergeant, wielding a +2 vorpal spear and wearing a +0 ring mail (severely wounded, 77% to hit)
The puff of flame hits the gnoll sergeant.
The gnoll sergeant is severely wounded.
You block the gnoll sergeant's attack.
Aiming: Throw Flame
Press: ? - help, Shift-Dir - straight line, f/p - gnoll sergeant
Aim: a gnoll sergeant, wielding a +2 vorpal spear and wearing a +0 ring mail (severely wounded, 77% to hit)
The puff of flame hits the gnoll sergeant.
The gnoll sergeant is almost dead.
You kill the gnoll!
The gnoll sergeant hits you from afar with a +2 vorpal spear.
* * * LOW HITPOINT WARNING * * *
Aiming: Throw Flame
Press: ? - help, Shift-Dir - straight line, f/p - gnoll sergeant
Aim: a gnoll sergeant, wielding a +2 vorpal spear and wearing a +0 ring mail (almost dead, 77% to hit)
The puff of flame hits the gnoll sergeant but does no damage.
The gnoll sergeant is almost dead.
The gnoll sergeant hits you from afar with a +2 vorpal spear!
* * * LOW HITPOINT WARNING * * *
x2 You feel better.
The gnoll sergeant hits you from afar with a +2 vorpal spear!
* * * LOW HITPOINT WARNING * * *
You die...

... ##### ...$ #...#
..... #...# .....
#...#
.....###########)..#
.............Zg.@..#
....g...####.g##...#
##..#...####.###...#
#..#..............#
#..#...###.####...#
#.....)# #. ##...
##.....###. ####
##.....#..
##.......#


You could see a gnoll sergeant, a gnoll and a centaur zombie.

Vanquished Creatures
  Prince Ribbit (D:5)
  An ice beast (D:6)
  A sky beast (D:6)
  An ogre (D:6)
  2 necrophages
  A centaur (D:6)
  A bullfrog (D:5)
  2 scorpions
  A gnoll sergeant (D:5)
  A water moccasin zombie (D:5)
  A wight (D:7)
  A bullfrog zombie (D:5)
  A hound (D:5)
  A jelly (D:5)
  An orc priest (D:7)
  2 centaur skeletons (D:5)
  2 gnoll shamans
  3 orc wizards
  A hound skeleton (D:4)
  15 gnolls
  6 adders
  A shadow imp (D:6)
  3 white imps
  An ufetubus (D:5)
  An adder skeleton (D:4)
  3 worms
  17 orcs
  4 endoplasms
  9 giant cockroaches
  10 goblins
  6 hobgoblins
  2 jackals (D:3)
  8 quokkas
  7 ball pythons
  6 bats
  2 frilled lizards
  5 kobolds
  2 rats
133 creatures vanquished.

Notes
Turn   | Place    | Note
-------+----------+-------------------------------------------
     0 | D:1      | frimble the Demonspawn Warper began the quest for the Orb.
     0 | D:1      | Reached XP level 1. HP: 16/16 MP: 3/3
   104 | D:1      | Reached skill level 1 in Armour
   114 | D:1      | Reached skill level 1 in Throwing
   332 | D:1      | Gained mutation: A meltable shield of frost defends you.
                  | (SH +4) [demonic ancestry]
   332 | D:1      | Reached XP level 2. HP: 20/22 MP: 5/5
  1106 | D:2      | Found Cucra's Distillery.
  1111 | D:2      | Bought a potion of curing for 30 gold pieces
  1111 | D:2      | Bought a potion of degeneration for 10 gold pieces
  1635 | D:2      | Reached XP level 3. HP: 22/27 MP: 6/6
  1638 | D:2      | Learned a level 2 spell: Blink
  2525 | D:2      | Found a faded altar of an unknown god.
  2907 | D:3      | Gained mutation: You sometimes gain a little power by
                  | taking damage. [demonic ancestry]
  2907 | D:3      | Reached XP level 4. HP: 34/34 MP: 7/7
  3448 | D:3      | Found a large runed translucent door.
  3448 | D:3      | Found a large runed translucent door.
  3763 | D:3      | Identified the +9 hunting sling of the Tundras {freeze,
                  | rPois Int+3}
  4297 | D:4      | HP: 1/34 [orc (2)]
  4305 | D:3      | HP: 1/34 [orc wizard/puff of flame (9)]
  4679 | D:4      | Gained mutation: A meltable icy envelope protects you from
                  | harm. (AC +4) [demonic ancestry]
  4679 | D:4      | Reached XP level 5. HP: 29/39 MP: 8/8
  5015 | D:4      | Got Ruuhuowk's Volume of Lightness and the Compass
  5033 | D:4      | Learned a level 1 spell: Apportation
  5351 | D:4      | Reached XP level 6. HP: 42/47 MP: 9/9
  5511 | D:5      | Entered Level 5 of the Dungeon
  5924 | D:5      | Noticed Prince Ribbit
  5971 | D:5      | Killed Prince Ribbit
  5972 | D:5      | Gained mutation: You have a pair of small antennae on your
                  | head. [demonic ancestry]
  5972 | D:5      | Reached XP level 7. HP: 49/53 MP: 10/10
  6238 | D:5      | Reached skill level 1 in Stealth
  6973 | D:5      | Gained mutation: You are partially covered in yellow
                  | scales. (AC +2) [demonic ancestry]
  6973 | D:5      | Reached XP level 8. HP: 30/61 MP: 8/11
  7617 | D:6      | Reached skill level 5 in Translocations
  7668 | D:6      | Reached skill level 5 in Fighting
  8340 | D:6      | Reached skill level 5 in Short Blades
  8452 | D:6      | Found a bloodstained altar of Trog.
  8539 | D:6      | Identified the +1 ring mail "Fogroasm" {Drain +Blink rC-
                  | Str+5 Int+3}
  9203 | D:7      | HP: 3/63 [gnoll sergeant (4)]
  9204 | D:7      | HP: 1/63 [gnoll sergeant (7)]
  9204 | D:7      | Slain by a gnoll sergeant

Illustrated notes

Levels and vault maps discovered:
D:1:      minmay_arrival_stair_chambers, layout_basic, amcnicky_mini_pool_small
D:2:      layout_basic, serial_shops, nicolae_shop_crystal,
          ebering_ecumenical_altar_box
D:3:      layout_basic, jmf_multi_god_temple2, minmay_misc_feat_tower
D:4:      layout_rooms, gup_sewer_entry_glass
D:5:      layout_basic, serial_co_window_serial, co_window_paths_a,
          co_window_cross_1, co_window_paths_b, co_window_paths_a,
          co_window_of_opportunity_a, co_window_paths_a,
          co_window_unsneaky_path_c, co_window_of_opportunity_c,
          co_window_paths_c, co_window_unsneaky_path_e, glass_columns_b,
          glass_columns_a, glass_columns_b, glass_columns_c, uniq_prince_ribbit1
D:6:      nicolae_cairo_tiling_very_big, layout_loops_ring, marbit_many_paths
D:7:      layout_rooms, lemuel_temple_firewalk_a

Skill      XL: |  1  2  3  4  5  6  7  8 |
---------------+-------------------------+-----
Armour         | 1 |  1.3
Throwing       | 1 2 3 |  3.0
Short Blades   | 2 3 4 5 |  5.2
Dodging        | 2 3 |  3.4
Translocations | 3 4 5 |  5.5
Fighting       | 3 4 5 |  5.4
Stealth        | 2 3 |  3.7
Spellcasting   | |  2.3

Action                   |  1- 3 |  4- 6 |  7- 9 || total
-------------------------+-------+-------+-------++-------
Melee: Short sword       |    61 |    81 |       ||   142
       Rapier            |    84 |     5 |       ||    89
       Punch             |     3 |     3 |     3 ||     9
       Dagger            |       |    90 |   366 ||   456
Throw: Boomerang         |     2 |     1 |     5 ||     8
       Throwing net      |       |       |     1 ||     1
 Cast: Blink             |       |     2 |     3 ||     5
Evoke: Wand              |       |       |     4 ||     4
  Use: Potion            |       |     2 |     1 ||     3
       Scroll            |       |     4 |     4 ||     8
 Stab: Sleeping          |       |     1 |     1 ||     2
       Held in net/web   |       |       |     1 ||     1
Armor: Leather armour    |    42 |    48 |   120 ||   210
Dodge: Dodged            |    69 |    95 |   160 ||   324
Block: Other             |    21 |    23 |    52 ||    96

Table legend: (Time is in decaauts)
 A = Elapsed time spent in this place.
 B = Non-inter-level travel time spent in this place.
 C = Inter-level travel time spent in this place.
 D = Time resting spent in this place.
 E = Time spent auto-exploring this place.
 F = Levels seen in this place.
 G = Mean time per level.
                   A        B        C        D        E       F      G
               +--------+--------+--------+--------+--------+-----+--------+
         Total |   9125 |   8769 |    356 |    105 |   7225 |   7 | 1303.6 |
       Dungeon |   9125 |   8769 |    356 |    105 |   7225 |   7 | 1303.6 |
               +--------+--------+--------+--------+--------+-----+--------+

Top non-repeatable levels by time:
     D:5: 1936 daAuts
     D:2: 1889 daAuts
     D:3: 1807 daAuts
     D:6: 1571 daAuts
     D:1: 949 daAuts
     D:4: 865 daAuts
     D:7: 105 daAuts
